 Dungeon Crawl Stone Soup version 0.30-a0-883-g5ad918d77d (webtiles) character file.

Game seed: 9167384856122172816

54 Iich the Trooper (level 3, 0/29 HPs)
             Began as a Demonspawn Fighter on Mar 16, 2023.
             Succumbed to an adder's poison
             ... on level 2 of the Dungeon.
             The game lasted 00:03:06 (1031 turns).

Iich the Trooper (Demonspawn Fighter)               Turns: 1031, Time: 00:03:07

Health: 0/29       AC:  6    Str: 15 (16) XL:     3   Next: 66%
Magic:  1/3        EV:  8    Int:  8 (9)  God:
Gold:   80         SH:  4    Dex: 13 (14) Spells: 2/2 levels left

rFire   + . .      SeeInvis .    a - +1 war axe
rCold   + . .      Faith    .    c - +0 buckler
rNeg    . . .      Spirit   +    b - +0 scale mail
rPois   +          Reflect  .    (no helmet)
rElec   +          Rampage  .    (no cloak)
rCorr   +                        (no gloves)
Will    .....                    (no boots) Stlth
                                 i - amulet of guardian spirit
HPRegen 0.24/turn                (no ring)
MPRegen 0.08/turn                (no ring)

@: mighty, lethally poisoned (0 -> -8), resistant
A: powered by pain 1
a: no special abilities


You were on level 2 of the Dungeon.
You visited 1 branch of the dungeon, and saw 2 of its levels.

You collected 80 gold pieces.

Inventory:

Hand Weapons
 a - a +1 war axe (weapon)
Armour
 b - a +0 scale mail (worn)
 c - a +0 buckler (worn)
Jewellery
 e - an amulet of magic regeneration
 i - an amulet of guardian spirit (around neck)
Scrolls
 g - a scroll of identify {unknown}
 h - a scroll of immolation {unknown}
 j - a scroll of enchant weapon
 t - 2 scrolls of teleportation
Potions
 d - a potion of might


   Skills:
 + Level 3.6 Fighting
 * Level 3.2 Axes
 - Level 2.6 Armour
 - Level 2.6 Shields


You had 2 spell levels left.
You didn't know any spells.
Your spell library was empty.

Dungeon Overview and Level Annotations

Branches:
Dungeon (2/15)

Altars:


Innate Abilities, Weirdness & Mutations

You sometimes gain a little power by taking damage.


Message History

You feel very mighty all of a sudden.
You feel sick. The endoplasm freezes you.
You are frozen.
* * * LOW HITPOINT WARNING * * *
The adder bites you but does no damage. The adder bites you.
* * * LOW HITPOINT WARNING * * *
You are more poisoned.
The adder poisons you!
You take 7 damage, and have 12/29 hp. !!!!--MASSIVE DAMAGE--!!!!
You barely miss the adder. You slash the endoplasm!
You kill the endoplasm!
You hit the adder.
You feel sick. The adder bites you.
* * * LOW HITPOINT WARNING * * *
You block the adder's attack.
The adder bites you but does no damage. x2
You take 3 damage, and have 9/29 hp.
You miss the adder. You closely miss the adder.
You feel sick. The adder bites you.
* * * LOW HITPOINT WARNING * * *
You are more poisoned.
The adder poisons you!
The adder bites you but does no damage. x2
The adder bites you.
* * * LOW HITPOINT WARNING * * *
You take 5 damage, and have 4/29 hp.
You now have 0/3 mp.
It was a potion of degeneration.
There was something very wrong with that liquid.
You feel weakened.
You feel dopey.
You feel clumsy.
* * * LOW HITPOINT WARNING * * *
You feel sick. The adder barely misses you. x2
You take 1 damage, and have 3/29 hp.
It was a potion of magic.
Magic courses through your body.
* * * LOW HITPOINT WARNING * * *
You feel sick. The adder barely misses you. The adder bites you.
* * * LOW HITPOINT WARNING * * *
You are more poisoned.
The adder poisons you! The adder bites you but does no damage.
You take 2 damage, and have 1/29 hp.
It was a potion of resistance.
You feel protected.
You die...

.......####).# #######....####.
.......####..###..............
.........##........)......>....
.......#.....###...............
.......####..###..##.#.....###.
.............##.)###.#........
#########.####..## #.#...#.###
# #.# #....###.#...#.# #
#######.##..##@.##.#<..# #
###......##..##SS..##.....
..#.######..##..##..###.###
..†#.# #..##... #..# ....##
..##..## #..# ...## .##..# #..#
..## ##. .## ### # #


You could see 2 adders.

Vanquished Creatures
  An adder (D:2)
  2 dart slugs
  5 ball pythons
  3 endoplasms
  A giant cockroach (D:2)
  5 goblins
  3 hobgoblins
  3 jackals (D:1)
  A kobold (D:1)
  3 quokkas
  3 bats
  3 frilled lizards
  5 rats
38 creatures vanquished.

Vanquished Creatures (others)
  2 withered plants (D:1)
2 creatures vanquished.

Grand Total: 40 creatures vanquished

Notes
Turn   | Place    | Note
-------+----------+-------------------------------------------
     0 | D:1      | Iich the Demonspawn Fighter began the quest for the Orb.
     0 | D:1      | Reached XP level 1. HP: 18/18 MP: 1/1
   102 | D:1      | Gained mutation: You sometimes gain a little power by
                  | taking damage. [demonic ancestry]
   102 | D:1      | Reached XP level 2. HP: 23/24 MP: 2/2
   247 | D:1      | Found a faded altar of an unknown god.
   677 | D:2      | Reached XP level 3. HP: 27/29 MP: 1/3
  1030 | D:2      | HP: 1/29 [adder (1)]
  1031 | D:2      | Succumbed to an adder's poison

Illustrated notes

Levels and vault maps discovered:
D:1:      ncdulo_smallfort, layout_loops_cross,
          ebering_ecumenical_altar_petrified, hangedman_decor_growths,
          minivault_19, minmay_tromino_i2
D:2:      minmay_alternating_diamond, layout_loops_cross,
          minmay_misc_feat_columns, minmay_misc_feat_x, minmay_goblin_outpost

Skill      XL: |  1  2  3 |
---------------+----------+-----
Axes           | 2 3 |  3.2
Fighting       | |  3.6
Armour         | |  2.6
Shields        | |  2.6

Action                     || total
---------------------------++-------
  Melee: War axe           ||    80
    Use: Scroll            ||     2
         Potion            ||     4
 Armour: Scale mail        ||    59
  Dodge: Dodged            ||    37
  Block: Buckler           ||    24

Table legend: (Time is in decaauts)
 A = Elapsed time spent in this place.
 B = Non-inter-level travel time spent in this place.
 C = Inter-level travel time spent in this place.
 D = Time resting spent in this place.
 E = Time spent auto-exploring this place.
 F = Levels seen in this place.
 G = Mean time per level.
                   A        B        C        D        E       F      G
               +--------+--------+--------+--------+--------+-----+--------+
         Total |   1063 |   1050 |     13 |      0 |    789 |   2 |  531.5 |
       Dungeon |   1063 |   1050 |     13 |      0 |    789 |   2 |  531.5 |
               +--------+--------+--------+--------+--------+-----+--------+

Top non-repeatable levels by time:
     D:1: 690 daAuts
     D:2: 373 daAuts
